 Dungeon Sprint DCSS version 0.22.1-2-g9c5b331 (webtiles) character file.

287 diana the Carver (level 6, -11/55 HPs)
             Began as a Demonspawn Gladiator on Dec 16, 2018.
             Was an Initiate of Ru.
             Killed by divine providence
             ... invoked by an orc priest
              (16 damage)
             ... in the Dungeon (Sprint VII: "The Pits").
             The game lasted 00:02:44 (482 turns).

diana the Carver (Demonspawn Gladiator)              Turns: 482, Time: 00:02:44

Health: -11/55     AC: 10    Str: 16    XL:     6   Next: 8%
Magic:  6/6        EV: 10    Int: 10    God:    Ru [......]
Gold:   0          SH:  0    Dex: 14    Spells: 5/5 levels left

rFire    . . .     SeeInvis .   a - +0 long sword
rCold    . . .     Gourm    .   (no shield)
rNeg     . . .     Faith    .   p - +3 scale mail
rPois    .         Spirit   .   c - +0 helmet
rElec    .         Reflect  .   (no cloak)
rCorr    .         Harm     .   (no gloves)
MR       .....     NoTele   +   (no boots)
Stlth    ..........             (no amulet)
HPRegen  0.18/turn              (no ring)
MPRegen  0.10/turn              (no ring)

@: berserk cooldown, very slightly contaminated, slowed, drained, very slow
A: talons 2, rot immunity, no stealth
a: Renounce Religion


You were in the Dungeon.
You worshipped Ru.
Ru was noncommittal.
You were not hungry.

You visited 1 branch

Inventory:

Hand Weapons
 a - a +0 long sword (weapon)
Missiles
 d - 3 throwing nets (quivered)
Armour
 b - a +0 leather armour
 c - a +0 helmet (worn)
 p - a +3 scale mail (worn)
Scrolls
 m - 3 scrolls of remove curse
 n - 5 scrolls of amnesia
 o - a scroll of summoning
Potions
 e - 3 potions of heal wounds
 g - 5 potions of curing
 h - a potion of haste
 i - 4 potions of magic
 j - a potion of berserk rage
 l - a potion of invisibility
Comestibles
 f - 7 rations


   Skills:
 + Level 7.6(7.0) Fighting
 * Level 9.8(9.2) Long Blades
 - Level 1.7(1.2) Throwing
 + Level 1.0(0.5) Armour
 - Level 2.6(2.1) Dodging


You had 5 spell levels left.
You didn't know any spells.
Your spell library was empty.

Dungeon Overview and Level Annotations

Branches:
Dungeon (1/1)

Altars:
Ashenzari
Cheibriados
Dithmenos
Elyvilon
Fedhas
Gozag
Hepliaklqana
Kikubaaqudgha
Makhleb
Nemelex Xobeh
Okawaru
Qazlal
Ru
Sif Muna
Trog
Uskayaw
Vehumet
Wu Jian
Xom
Yredelemnul
Zin
The Shining One
Beogh
Jiyva
Lugonu


Innate Abilities, Weirdness & Mutations

You have razor-sharp toenails.
You are immune to rotting.
You cannot be stealthy.


Message History

* * * LOW HITPOINT WARNING * * *
The orc priest hits you but does no damage.
The wight completely misses you. The wight closely misses you.
Blink to where?
Press: ? - help, Dir - move target cursor
As you read the scroll of blinking, it crumbles to dust.
An orc comes into view. It is wielding a dagger.
The orc shouts!
The jackal barks!
You flicker back into view.
The jackal barks!
The jackal barely misses you.
The orc priest mumbles some strange prayers to Beogh against you.
Pain shoots through your body!
* * * LOW HITPOINT WARNING * * *
The jackal bites you but does no damage.
The jackal bites you but does no damage.
The orc priest mumbles some strange prayers to Beogh against you.
Beogh smites you!
You die...

######## ______.#
______.#
____...###########++####
######'##......h@.......
.')))'.##...o.z#..#.....
######.##...o...........
..o.....'...............
###÷#####......#..#.....
÷.#.#.[##..).o..........
).#.#))#####o#####++####
..'.#))##..zo...#
'####))##.......#


You could see an orc warrior, 2 wights, 2 orc priests, 2 orcs and a jackal.

Vanquished Creatures
  A hungry ghost (D)
  A floating eye (D)
  An orc wizard (D)
  An adder (D)
  A river rat (D)
  An ufetubus (D)
  A ball python (D)
  A bat zombie (D)
  A hobgoblin (D)
  A frilled lizard (D)
10 creatures vanquished.

Notes
Turn   | Place    | Note
-------+----------+-------------------------------------------
     0 | D        | diana the Demonspawn Gladiator began the quest for the Orb.
     0 | D        | Reached XP level 1. HP: 16/16 MP: 1/1
    11 | D        | Reached skill level 3 in Long Blades
    15 | D        | Found a bloodstained altar of Trog.
    15 | D        | Found a deep blue altar of Sif Muna.
    15 | D        | Found a viscous altar of Jiyva.
    15 | D        | Found a hazy altar of Hepliaklqana.
    15 | D        | Found an opulent altar of Gozag.
    16 | D        | Found a glowing golden altar of the Shining One.
    16 | D        | Found a glowing silver altar of Zin.
    16 | D        | Found a basalt altar of Yredelemnul.
    16 | D        | Found a shimmering altar of Xom.
    16 | D        | Found an ornate altar of the Wu Jian Council.
    16 | D        | Found a sacrificial altar of Ru.
    16 | D        | Found a stormy altar of Qazlal.
    16 | D        | Found an iron altar of Okawaru.
    16 | D        | Found a sparkling altar of Nemelex Xobeh.
    16 | D        | Found a burning altar of Makhleb.
    16 | D        | Found a blossoming altar of Fedhas.
    16 | D        | Found a white marble altar of Elyvilon.
    16 | D        | Found a shadowy altar of Dithmenos.
    16 | D        | Found a snail-covered altar of Cheibriados.
    17 | D        | Found a radiant altar of Vehumet.
    17 | D        | Found a corrupted altar of Lugonu.
    17 | D        | Found a roughly hewn altar of Beogh.
    18 | D        | Found an ancient bone altar of Kikubaaqudgha.
    18 | D        | Found a hide-covered altar of Uskayaw.
    18 | D        | Found a shattered altar of Ashenzari.
    20 | D        | Became a worshipper of Ru the Awakened
    66 | D        | Reached skill level 4 in Long Blades
    66 | D        | Gained mutation: You are immune to rotting. [demonic
                  | ancestry]
    66 | D        | Reached XP level 2. HP: 17/24 MP: 2/2
   147 | D        | Noticed a floating eye
   147 | D        | Noticed a hungry ghost
   148 | D        | Paralysed by a floating eye for 4 turns
   157 | D        | Paralysed by a floating eye for 3 turns
   170 | D        | Paralysed by a floating eye for 2 turns
   172 | D        | HP: 1/24 [hungry ghost (4)]
   175 | D        | Killed a hungry ghost
   175 | D        | Reached skill level 8 in Long Blades
   175 | D        | Reached XP level 3. HP: 22/34 MP: 3/3
   175 | D        | Gained mutation: You have sharp toenails. [demonic
                  | ancestry]
   175 | D        | Reached XP level 4. HP: 26/40 MP: 4/4
   175 | D        | Gained mutation: You have razor-sharp toenails. [demonic
                  | ancestry]
   175 | D        | Reached XP level 5. HP: 29/46 MP: 5/5
   175 | D        | Paralysed by a floating eye for 3 turns
   184 | D        | Killed a floating eye
   184 | D        | Reached skill level 9 in Long Blades
   190 | D        | Gained mutation: You cannot be stealthy. [Ru sacrifice]
   429 | D        | Noticed an orc warrior
   430 | D        | Noticed a sky beast
   467 | D        | Reached skill level 1 in Armour
   467 | D        | Reached XP level 6. HP: 54/55 MP: 6/6
   482 | D        | Killed from afar by an orc priest

Skill      XL: |  1  2  3  4  5 |
---------------+----------------+-----
Long Blades    | 4 8 9 |  9.8
Fighting       | 3 6 7 |  7.6
Armour         | 1 |  1.0
Throwing       | |  1.7
Dodging        | |  2.6

Action                   |  1- 3 |  4- 6 || total
-------------------------+-------+-------++-------
Melee: Long sword        |    29 |    11 ||    40
       Kick              |       |     4 ||     4
Invok: Sacrifice Stealth |       |     1 ||     1
  Use: Potion            |     3 |     4 ||     7
       Scroll            |       |     1 ||     1
  Eat: Ration            |     1 |     1 ||     2
Armor: Leather armour    |    17 |     7 ||    24
       Scale mail        |       |     6 ||     6
Dodge: Dodged            |    23 |    17 ||    40
       Rpst.: Long sword |     7 |     1 ||     8
